TOP OF THE 1ST |
Lansing Lugnuts batting - Pitching for Delmarva Shorebirds : RHP Jonathan Spicer
|
Pitching: RHP Jonathan Spicer
|
|
Batting: RHB Luis Gomez
|
0-0: Called Strike 0-1: Called Strike 0-2: Foul Ball, location: 2F 0-2: Ground out 4-3 (Groundball, 34, EV 98.1 MPH)
|
Batting: RHB Dylan Phillips
|
0-0: Foul Ball, location: 2F 0-1: SINGLE (Flyball, 89S, EV 94.4 MPH)
|
Batting: RHB John Michener
|
0-0: Ball 1-0: Ball 2-0: 2-RUN HOME RUN (Line Drive, 9D, EV 96.2 MPH), Distance : 379 ft
|
Batting: RHB Raul de la Cruz
|
0-0: Swinging Strike 0-1: Ball 1-1: Ball 2-1: Ball 3-1: Foul Ball, location: 2F 3-2: Foul Ball, location: 2F 3-2: Ground out 6-3 (Groundball, 6, EV 102.5 MPH)
|
Batting: RHB John Hering
|
0-0: Ball 1-0: Called Strike 1-1: Ball 2-1: SINGLE (Line Drive, 5D, EV 94.4 MPH)
|
Batting: RHB Jose Ontiveros
|
0-0: Called Strike 0-1: Called Strike 0-2: Ball 1-2: Strikes out looking
|
Top of the 1st over - 2 runs, 3 hits, 0 errors, 1 left on base; Lansing 2 - Delmarva 0 |
BOTTOM OF THE 1ST |
Delmarva Shorebirds batting - Pitching for Lansing Lugnuts : RHP Ben Knapp
|
Pitching: RHP Ben Knapp
|
|
Batting: RHB Josh Hopp
|
0-0: Called Strike 0-1: Ball 1-1: Ball 2-1: Foul Ball, location: 2F 2-2: Foul Ball, location: 2F 2-2: SINGLE (Groundball, 25, EV 70.0 MPH) (infield hit)
|
Batting: RHB Daniel Jackson
|
0-0: Ball Josh Hopp steals 2nd base (no throw) 1-0: Ground out 4-3 (Groundball, 4S, EV 68.1 MPH) Josh Hopp to third
|
Batting: RHB Ethan Finke
|
0-0: SINGLE (Groundball, 56D, EV 104.4 MPH) Josh Hopp scores
|
Batting: RHB Ismael Macedo
|
0-0: Ball 1-0: Ball 2-0: Swinging Strike 2-1: Ball 3-1: Grounds into double play, 6-4-3 (Groundball, 6, EV 100.0 MPH)
|
Bottom of the 1st over - 1 run, 2 hits, 0 errors, 0 left on base; Lansing 2 - Delmarva 1 |
TOP OF THE 2ND |
Lansing Lugnuts batting - Pitching for Delmarva Shorebirds : RHP Jonathan Spicer
|
Batting: RHB Jamie Ogilvie
|
0-0: Called Strike 0-1: Ball 1-1: Ball 2-1: Called Strike 2-2: Ground out 6-3 (Groundball, 6, EV 88.1 MPH)
|
Batting: LHB Julio Canseco
|
0-0: Ball 1-0: Ball 2-0: Foul Ball, location: 2F 2-1: Foul Ball, location: 2F 2-2: Foul Ball, location: 2F 2-2: DOUBLE (Groundball, 3L, EV 97.5 MPH)
|
Batting: RHB Shunsuke Shiba Inu
|
0-0: Ball 1-0: Ball 2-0: Called Strike 2-1: Ball 3-1: Called Strike 3-2: Foul Ball, location: 2F 3-2: Ground out 6-3 (Groundball, 6, EV 86.9 MPH) Julio Canseco to third
|
Batting: RHB Luis Gomez
|
0-0: Ball 1-0: Swinging Strike 1-1: Foul Ball, location: 2F 1-2: Foul Ball, location: 2F 1-2: Ball 2-2: Ground out 6-3 (Groundball, 6, EV 103.1 MPH)
|
Top of the 2nd over - 0 runs, 1 hit, 0 errors, 1 left on base; Lansing 2 - Delmarva 1 |
BOTTOM OF THE 2ND |
Delmarva Shorebirds batting - Pitching for Lansing Lugnuts : RHP Ben Knapp
|
Batting: RHB Francisco Viera
|
0-0: Fly out, F8 (Flyball, 8RM, EV 86.2 MPH)
|
Batting: RHB Wes Reynolds
|
0-0: Ball 1-0: Called Strike 1-1: Fly out, F8 (Flyball, 78D, EV 87.5 MPH)
|
Batting: RHB Mike Zepeda
|
0-0: Ball 1-0: Ball 2-0: Ground out 5-3 (Groundball, 56, EV 99.4 MPH)
|
Bottom of the 2nd over - 0 runs, 0 hits, 0 errors, 0 left on base; Lansing 2 - Delmarva 1 |
TOP OF THE 3RD |
Lansing Lugnuts batting - Pitching for Delmarva Shorebirds : RHP Jonathan Spicer
|
Batting: RHB Dylan Phillips
|
0-0: Ball 1-0: Ball 2-0: Called Strike 2-1: Ground out 4-3 (Groundball, 4S, EV 83.1 MPH)
|
Batting: RHB John Michener
|
0-0: Called Strike 0-1: Ball 1-1: Ground out 4-3 (Groundball, 34D, EV 76.2 MPH)
|
Batting: RHB Raul de la Cruz
|
0-0: Ball 1-0: Called Strike 1-1: Ball 2-1: Foul Ball, location: 2F 2-2: Reached on error, E1 (Groundball, 15S, EV 66.9 MPH)
|
Batting: RHB John Hering
|
0-0: Foul Ball, location: 2F 0-1: Ball 1-1: Ball 2-1: Fly out, F5 (Line Drive, 5L, EV 76.2 MPH)
|
Top of the 3rd over - 0 runs, 0 hits, 1 error, 1 left on base; Lansing 2 - Delmarva 1 |
BOTTOM OF THE 3RD |
Delmarva Shorebirds batting - Pitching for Lansing Lugnuts : RHP Ben Knapp
|
Batting: SHB Jared Boyce
|
0-0: Ground out U3 (Groundball, 3, EV 93.1 MPH)
|
Batting: RHB Tony Godley
|
0-0: Called Strike 0-1: Ball 1-1: Swinging Strike 1-2: Hit by Pitch
|
Batting: RHB Josh Hopp
|
0-0: Called Strike Tony Godley steals 2nd base 0-1: Ball 1-1: Swinging Strike 1-2: Strikes out looking
|
Batting: RHB Daniel Jackson
|
0-0: Foul Ball, location: 2F 0-1: Ball Wild Pitch! Tony Godley to third 1-1: Foul Ball, location: 2F 1-2: Ball 2-2: Ball 3-2: Foul Ball, location: 2F 3-2: Foul Ball, location: 2F 3-2: DOUBLE (Line Drive, 7LM, EV 105.6 MPH) Tony Godley scores
|
Batting: RHB Ethan Finke
|
0-0: Foul Ball, location: 2F 0-1: Foul Ball, location: 2F 0-2: Strikes out swinging
|
Bottom of the 3rd over - 1 run, 1 hit, 0 errors, 1 left on base; Lansing 2 - Delmarva 2 |
TOP OF THE 4TH |
Lansing Lugnuts batting - Pitching for Delmarva Shorebirds : RHP Jonathan Spicer
|
Batting: RHB Jose Ontiveros
|
0-0: Foul Ball, location: 2F 0-1: Ball 1-1: Ball 2-1: Called Strike 2-2: SINGLE (Groundball, 4M, EV 96.9 MPH) (infield hit)
|
Batting: RHB Jamie Ogilvie
|
0-0: Ball 1-0: Called Strike 1-1: Ball 2-1: Swinging Strike 2-2: Ball 3-2: Foul Ball, location: 2F 3-2: DOUBLE (Flyball, 8RXD, EV 101.9 MPH) Jose Ontiveros to third Jose Ontiveros scores
|
Batting: LHB Julio Canseco
|
0-0: Ball 1-0: Ball 2-0: Reached via error on a dropped throw from 1B, E1 (Groundball, 13, EV 78.8 MPH) Jamie Ogilvie to third
|
Batting: RHB Shunsuke Shiba Inu
|
0-0: Called Strike 0-1: Swinging Strike 0-2: Ball 1-2: Ball 2-2: Ball 3-2: Foul Ball, location: 2F 3-2: Foul Ball, location: 2F 3-2: Strikes out swinging
|
Pitching: RHP Nick Weirick
|
|
Batting: RHB Luis Gomez
|
0-0: Called Strike 0-1: Called Strike 0-2: Ball 1-2: Ball 2-2: Ball 3-2: Ground out 5-3 (Groundball, 56, EV 102.5 MPH) Julio Canseco to second
|
Batting: RHB Dylan Phillips
|
0-0: Called Strike 0-1: Ball 1-1: Ball 2-1: Fly out, F9 (Flyball, 89D, EV 98.8 MPH)
|
Top of the 4th over - 1 run, 2 hits, 1 error, 2 left on base; Lansing 3 - Delmarva 2 |
BOTTOM OF THE 4TH |
Delmarva Shorebirds batting - Pitching for Lansing Lugnuts : RHP Ben Knapp
|
Batting: RHB Ismael Macedo
|
0-0: Ball 1-0: Called Strike 1-1: Ball 2-1: SINGLE (Line Drive, 89S, EV 111.2 MPH)
|
Batting: RHB Francisco Viera
|
0-0: Ball 1-0: Ball 2-0: Called Strike 2-1: Grounds into double play, 4-6-3 (Groundball, 34, EV 85.0 MPH)
|
Batting: RHB Wes Reynolds
|
0-0: Foul Ball, location: 2F 0-1: Ground out 5-3 (Groundball, 5, EV 85.0 MPH)
|
Bottom of the 4th over - 0 runs, 1 hit, 0 errors, 0 left on base; Lansing 3 - Delmarva 2 |
TOP OF THE 5TH |
Lansing Lugnuts batting - Pitching for Delmarva Shorebirds : RHP Nick Weirick
|
Batting: RHB John Michener
|
0-0: Ball 1-0: Called Strike 1-1: Foul Ball, location: 2F 1-2: Ball 2-2: Strikes out swinging
|
Batting: RHB Raul de la Cruz
|
0-0: Fly out, F8 (Flyball, 89M, EV 94.4 MPH)
|
Batting: RHB John Hering
|
0-0: Ball 1-0: Called Strike 1-1: Ball 2-1: Called Strike 2-2: Foul Ball, location: 2F 2-2: Fly out, F7 (Flyball, 78S, EV 86.9 MPH)
|
Top of the 5th over - 0 runs, 0 hits, 0 errors, 0 left on base; Lansing 3 - Delmarva 2 |
BOTTOM OF THE 5TH |
Delmarva Shorebirds batting - Pitching for Lansing Lugnuts : RHP Ben Knapp
|
Batting: RHB Mike Zepeda
|
0-0: Called Strike 0-1: Foul Ball, location: 2F 0-2: Foul Ball, location: 2F 0-2: Ball 1-2: Ball 2-2: DOUBLE (Line Drive, 89D, EV 100.6 MPH)
|
Batting: SHB Jared Boyce
|
0-0: Ball 1-0: Called Strike 1-1: Swinging Strike 1-2: Strikes out looking
|
Batting: RHB Tony Godley
|
0-0: Called Strike 0-1: Swinging Strike 0-2: Foul Ball, location: 2F 0-2: Ball Wild Pitch! Mike Zepeda to third 1-2: Ball 2-2: Ground out 6-3 (Groundball, 6, EV 100.6 MPH) Mike Zepeda scores
|
Batting: RHB Josh Hopp
|
0-0: Foul Ball, location: 2F 0-1: Called Strike 0-2: Ball 1-2: Foul Ball, location: 2F 1-2: SINGLE (Flyball, 78M, EV 90.0 MPH)
|
Batting: RHB Daniel Jackson
|
0-0: Ball Josh Hopp is caught stealing 2nd base 2-4
|
Bottom of the 5th over - 1 run, 2 hits, 0 errors, 0 left on base; Lansing 3 - Delmarva 3 |
TOP OF THE 6TH |
Lansing Lugnuts batting - Pitching for Delmarva Shorebirds : RHP Nick Weirick
|
Batting: RHB Jose Ontiveros
|
0-0: Ball 1-0: Called Strike 1-1: DOUBLE (Line Drive, 78D, EV 106.2 MPH)
|
Batting: RHB Jamie Ogilvie
|
0-0: Ball 1-0: Ball 2-0: DOUBLE (Line Drive, 9LM, EV 111.2 MPH) Jose Ontiveros scores
|
Batting: LHB Julio Canseco
|
0-0: Intentional Walk
|
Batting: RHB Shunsuke Shiba Inu
|
0-0: Fly out, F7 (Flyball, 78S, EV 89.4 MPH)
|
Batting: RHB Luis Gomez
|
0-0: Swinging Strike 0-1: Ball 1-1: Called Strike 1-2: Ball 2-2: Ball 3-2: Strikes out swinging
|
Batting: RHB Dylan Phillips
|
0-0: Ball 1-0: Ball 2-0: Called Strike 2-1: Ground out 4-3 (Groundball, 4, EV 85.0 MPH)
|
Top of the 6th over - 1 run, 2 hits, 0 errors, 2 left on base; Lansing 4 - Delmarva 3 |
BOTTOM OF THE 6TH |
Delmarva Shorebirds batting - Pitching for Lansing Lugnuts : RHP Ben Knapp
|
Batting: RHB Daniel Jackson
|
0-0: Swinging Strike 0-1: Swinging Strike 0-2: Foul Ball, location: 2F 0-2: Strikes out looking
|
Batting: RHB Ethan Finke
|
0-0: Ball 1-0: Ball 2-0: Foul Ball, location: 2F 2-1: Called Strike 2-2: Foul Ball, location: 2F 2-2: Ball 3-2: Foul Ball, location: 2F 3-2: Base on Balls
|
Batting: RHB Ismael Macedo
|
0-0: Swinging Strike 0-1: Fielders Choice at 2nd, 1-4 (Groundball, 15S, EV 68.8 MPH)
|
Batting: RHB Francisco Viera
|
0-0: Ball 1-0: Ball Ismael Macedo steals 2nd base 2-0: Called Strike 2-1: Ball 3-1: Ground out 4-3 (Groundball, 4, EV 103.8 MPH)
|
Bottom of the 6th over - 0 runs, 0 hits, 0 errors, 1 left on base; Lansing 4 - Delmarva 3 |
TOP OF THE 7TH |
Lansing Lugnuts batting - Pitching for Delmarva Shorebirds : RHP Nick Weirick
|
Pitching: RHP Jose Santos
|
|
Batting: RHB John Michener
|
0-0: Foul Ball, location: 2F 0-1: Ground out 6-3 (Groundball, 56, EV 104.4 MPH)
|
Batting: RHB Raul de la Cruz
|
0-0: Ball 1-0: Foul Ball, location: 2F 1-1: Ball 2-1: Ball 3-1: Base on Balls
|
Batting: RHB John Hering
|
0-0: Called Strike 0-1: Foul Ball, location: 2F 0-2: Strikes out swinging
|
Batting: RHB Jose Ontiveros
|
0-0: Ball 1-0: Ground out 4-3 (Groundball, 4, EV 80.6 MPH)
|
Top of the 7th over - 0 runs, 0 hits, 0 errors, 1 left on base; Lansing 4 - Delmarva 3 |
BOTTOM OF THE 7TH |
Delmarva Shorebirds batting - Pitching for Lansing Lugnuts : RHP Ben Knapp
|
Now at 2B: Dylan Phillips
|
|
Now at 3B: Roger Escareno
|
|
Batting: RHB Wes Reynolds
|
0-0: Called Strike 0-1: Foul Ball, location: 2F 0-2: Ball 1-2: Ball 2-2: SINGLE (Groundball, 5S, EV 62.5 MPH) (infield hit)
|
Batting: RHB Mike Zepeda
|
0-0: Bunt missed! 0-1: Called Strike 0-2: Fielders Choice at 2nd, 4-6 (Groundball, 4, EV 88.1 MPH)
|
Pitching: LHP Nick Burnstein
|
|
Batting: SHB Jared Boyce
|
0-0: Ball 1-0: Foul Ball, location: 2F 1-1: Foul Ball, location: 2F 1-2: Foul Ball, location: 2F 1-2: Ball 2-2: 2-RUN HOME RUN (Flyball, 89XD, EV 105.6 MPH), Distance : 409 ft
|
Batting: RHB Tony Godley
|
0-0: Called Strike 0-1: Ball 1-1: Ball 2-1: Ball 3-1: Base on Balls
|
Batting: RHB Josh Hopp
|
0-0: Ball 1-0: Called Strike 1-1: DOUBLE (Groundball, 5L, EV 101.9 MPH) Tony Godley to third
|
Batting: RHB Daniel Jackson
|
0-0: Called Strike 0-1: Ball 1-1: Ball 2-1: Ball 3-1: Base on Balls
|
Batting: RHB Ethan Finke
|
0-0: Foul Ball, location: 2F 0-1: Grounds into fielders choice U2 (Groundball, 15S, EV 71.9 MPH) Josh Hopp to third Daniel Jackson to second
|
Batting: RHB Ismael Macedo
|
0-0: Ball 1-0: Called Strike 1-1: Called Strike 1-2: Ground out 4-3 (Groundball, 4, EV 83.8 MPH)
|
Bottom of the 7th over - 2 runs, 3 hits, 0 errors, 3 left on base; Lansing 4 - Delmarva 5 |
TOP OF THE 8TH |
Lansing Lugnuts batting - Pitching for Delmarva Shorebirds : RHP Jose Santos
|
Pinch Hitting: SHB Gregg Whitecotton
|
0-0: Ball 1-0: Ball 2-0: Ball 3-0: Called Strike 3-1: Called Strike 3-2: Fly out, F7 (Flyball, 78D, EV 98.8 MPH)
|
Batting: LHB Julio Canseco
|
0-0: Ball 1-0: Foul Ball, location: 2F 1-1: Ball 2-1: Foul Ball, location: 2F 2-2: Strikes out swinging
|
Batting: LHB Roger Escareno
|
0-0: Foul Ball, location: 2F 0-1: Ball 1-1: Fly out, F8 (Flyball, 89S, EV 78.8 MPH)
|
Top of the 8th over - 0 runs, 0 hits, 0 errors, 0 left on base; Lansing 4 - Delmarva 5 |
BOTTOM OF THE 8TH |
Delmarva Shorebirds batting - Pitching for Lansing Lugnuts : LHP Nick Burnstein
|
Pitching: RHP Steve Schultz
|
|
Now at SS: Gregg Whitecotton
|
|
Batting: RHB Francisco Viera
|
0-0: Called Strike 0-1: SINGLE (Groundball, 56D, EV 95.0 MPH)
|
Batting: RHB Wes Reynolds
|
0-0: Ball 1-0: Ball 2-0: Called Strike 2-1: Foul Ball, location: 2F 2-2: Foul Ball, location: 2F 2-2: Foul Ball, location: 2F 2-2: Foul Ball, location: 2F 2-2: Strikes out swinging
|
Batting: RHB Mike Zepeda
|
0-0: Called Strike 0-1: Ball 1-1: Foul Ball, location: 2F 1-2: Foul Ball, location: 2F 1-2: Ball 2-2: Ground out 5-3 (Groundball, 5, EV 86.2 MPH) Francisco Viera to second
|
Batting: SHB Jared Boyce
|
0-0: Called Strike 0-1: Swinging Strike 0-2: Ball 1-2: DOUBLE (Flyball, 78XD, EV 109.4 MPH) Francisco Viera scores
|
Pinch Runner at 2nd Keith Long:
|
|
Batting: RHB Tony Godley
|
0-0: Ground out 6-3 (Groundball, 6, EV 102.5 MPH)
|
Bottom of the 8th over - 1 run, 2 hits, 0 errors, 1 left on base; Lansing 4 - Delmarva 6 |
TOP OF THE 9TH |
Lansing Lugnuts batting - Pitching for Delmarva Shorebirds : RHP Jose Santos
|
Pitching: RHP Harley Hyde
|
|
Now at C: Shane Cruse
|
|
Now at 1B: Wes Reynolds
|
|
Now at 3B: Matt O'Dea
|
|
Batting: RHB Luis Gomez
|
0-0: Ball 1-0: Ball 2-0: Called Strike 2-1: Ball 3-1: Base on Balls
|
Pinch Hitting: LHB Timo Gomez
|
0-0: Ball 1-0: SINGLE (Line Drive, 89S, EV 93.1 MPH) Luis Gomez to second
|
Batting: RHB John Michener
|
0-0: Ball 1-0: Grounds into double play, 5-4-3 (Groundball, 56, EV 84.4 MPH) Luis Gomez to third
|
Batting: RHB Raul de la Cruz
|
0-0: Foul Ball, location: 2F 0-1: Ball 1-1: Foul Ball, location: 2F 1-2: Ground out U3 (Groundball, 34, EV 82.5 MPH)
|
Top of the 9th over - 0 runs, 1 hit, 0 errors, 1 left on base; Lansing 4 - Delmarva 6 |
|